 Dungeon Crawl Stone Soup version 0.27.0-1-g7a089689b8 (webtiles) character file.

Game seed: 15493804194433590410

583 Majang the Chopper (level 7, -1/48 (56) HPs)
             Began as a Formicid Fighter on Aug 3, 2021.
             Slain by a water moccasin (4 damage)
             ... on level 7 of the Dungeon.
             The game lasted 00:10:53 (3459 turns).

Majang the Chopper (Formicid Fighter)               Turns: 3459, Time: 00:10:58

HP:   -1/48 (56)    AC:  9    Str: 23    XL:     7   Next: 64%
MP:   7/7           EV:  9    Int:  7    God:
Gold: 125           SH:  9    Dex: 10    Spells: 6/6 levels left

rFire    . . .     SeeInvis +   q - +0 battleaxe
rCold    . . .     Faith    .   c - +0 kite shield
rNeg     . . .     Spirit   .   g - +2 ring mail {Will+}
rPois    .         Reflect  .   (helmet unavailable)
rElec    .         Harm     .   (no cloak)
rCorr    .         Rampage  .   (no gloves)
Will     +....                  (no boots)
Stlth    ..........             (no amulet)
HPRegen  0.16/turn              (no ring)
MPRegen  0.10/turn              (no ring)

@: lethally poisoned (-1 -> -11), flying, heavily drained
A: permanent stasis, dig shafts and tunnels, antennae 3, four strong arms,
iridescent scales 1, noise suppression
a: Dig, Shaft Self


You were on level 7 of the Dungeon.
You visited 1 branch of the dungeon, and saw 5 of its levels.

You collected 125 gold pieces.

Inventory:

Hand Weapons
 a - a +0 war axe
 q - a +0 battleaxe (weapon)
Armour
 c - a +0 kite shield (worn)
 g - a +2 ring mail of willpower (worn)
Jewellery
 d - a ring of ice
Scrolls
 b - a scroll of magic mapping {unknown}
 e - 3 scrolls of identify {unknown}
 i - 2 scrolls of enchant armour {unknown}
 k - a scroll of fog {unknown}
 l - 3 scrolls of teleportation {unknown}
 n - 2 scrolls of blinking {unknown}
 p - 2 scrolls of amnesia {unknown}
 s - a scroll of vulnerability {unknown}
Potions
 f - a potion of mutation
 h - 4 potions of flight
 j - a potion of heal wounds {unknown}
 m - a potion of curing {unknown}
 o - 2 potions of might
 r - a potion of degeneration {unknown}


   Skills:
 + Level 5.3 Fighting
 * Level 5.9 Axes
 + Level 1.4 Throwing
 + Level 3.8 Armour
 + Level 1.1 Dodging
 + Level 4.1 Shields


You had 6 spell levels left.
You didn't know any spells.
Your spell library was empty.

Dungeon Overview and Level Annotations

Branches:
Dungeon (4/15)
 Temple: D:4-7

Altars:
Kikubaaqudgha
Xom

Annotations:
D:4 2 runed translucent doors, stripedtigrrr's ghost, amateur OpAK


Innate Abilities, Weirdness & Mutations

You cannot be hasted, slowed, berserked, paralysed or teleported.
You can dig through walls and to a lower floor.
You have a pair of large antennae on your head. (SInv)
Your four strong arms can wield two-handed weapons with a shield.
You are partially covered in iridescent scales. (AC +2)
You passively dampen the noise of your surroundings.


Message History

The water moccasin is moderately wounded.
The water moccasin bites you but does no damage.
You block the water moccasin's attack.
You miss the water moccasin.
The water moccasin is lightly wounded.
The water moccasin bites you. You block the water moccasin's attack.
You miss the water moccasin.
The water moccasin is lightly wounded.
You block the water moccasin's attack. The water moccasin bites you!
You are poisoned.
The water moccasin poisons you!
You hit the water moccasin.
The water moccasin is moderately wounded.
You feel very sick. You block the water moccasin's attack.
The water moccasin bites you. You block the water moccasin's attack.
You closely miss the water moccasin.
The water moccasin is moderately wounded.
You feel very sick. The water moccasin barely misses you.
The water moccasin bites you.
You are lethally poisoned!
The water moccasin poisons you!
Your shield prevents you from hitting the water moccasin.
The water moccasin is moderately wounded.
* * * LOW HITPOINT WARNING * * *
You feel extremely sick. You block the water moccasin's attack.
The water moccasin barely misses you.
It was a potion of flight.
You feel very buoyant.
You fly up into the air.
* * * LOW HITPOINT WARNING * * *
You feel very sick. The water moccasin barely misses you.
It was a potion of mutation.
You feel extremely strange.
Iridescent scales grow over part of your body.
You feel your surroundings grow quieter.
* * * LOW HITPOINT WARNING * * *
You feel very sick. The water moccasin bites you.
You die...

#........
#........
#........
#........
#...S....
##........
##.########
#S## ##@#
###


You could see a water moccasin.

Vanquished Creatures
  Sigmund (D:2)
  A black bear (D:3)
  A centaur zombie (D:4)
  A jelly (D:4)
  A hound (D:3)
  An iguana (D:4)
  Jessica (D:2)
  Terence (D:2)
  A hound skeleton (D:4)
  7 adders
  An adder skeleton (D:4)
  3 worms
  A dart slug (D:1)
  2 orcs (D:4)
  3 bat zombies (D:4)
  5 endoplasms
  5 goblins
  6 hobgoblins
  9 jackals
  4 kobolds
  A quokka (D:4)
  6 ball pythons
  3 bats
  2 frilled lizards
  11 rats
  A rat zombie (D:4)
79 creatures vanquished.

Notes
Turn   | Place    | Note
-------+----------+-------------------------------------------
     0 | D:1      | Majang the Formicid Fighter began the quest for the Orb.
     0 | D:1      | Reached XP level 1. HP: 18/18 MP: 1/1
   100 | D:1      | Reached XP level 2. HP: 24/24 MP: 2/2
   493 | D:1      | Reached XP level 3. HP: 29/29 MP: 3/3
   974 | D:2      | Found a shimmering altar of Xom.
   974 | D:2      | Noticed Jessica
   998 | D:2      | Killed Jessica
   999 | D:2      | Reached XP level 4. HP: 5/37 MP: 4/4
  1373 | D:2      | Noticed Terence
  1385 | D:2      | Killed Terence
  1386 | D:2      | Reached XP level 5. HP: 30/42 MP: 5/5
  1478 | D:2      | Noticed Sigmund
  1498 | D:2      | Killed Sigmund
  1499 | D:2      | Reached skill level 5 in Fighting
  1499 | D:2      | Reached skill level 5 in Axes
  1499 | D:2      | Reached XP level 6. HP: 25/51 MP: 6/6
  1710 | D:2      | Found a faded altar of an unknown god.
  2339 | D:3      | Noticed a black bear
  2459 | D:3      | Killed a black bear
  2460 | D:3      | Reached skill level 1 in Throwing
  2460 | D:3      | Reached XP level 7. HP: 44/56 MP: 7/7
  2996 | D:4      | Reached skill level 1 in Dodging
  3221 | D:4      | Found a runed translucent door.
  3222 | D:4      | Noticed stripedtigrrr's ghost (amateur OpAK)
  3260 | D:4      | Found an ancient bone altar of Kikubaaqudgha.
  3406 | D:4      | Found a runed translucent door.
  3444 | D:4      | You fall into a shaft and drop 3 floors!
  3444 | D:7      | Noticed a water moccasin
  3459 | D:7      | Gained mutation: You are partially covered in iridescent
                  | scales. (AC +2) [potion of mutation]
  3459 | D:7      | Gained mutation: You passively dampen the noise of your
                  | surroundings. [potion of mutation]
  3459 | D:7      | Slain by a water moccasin

Illustrated notes

Levels and vault maps discovered:
D:1:      tarquinn_simple_flora_water_e, layout_loops_corners,
          serial_bayou_pond_e, minivault_25
D:2:      layout_basic, basic_altar, hellmonk_ecumenical_altar_crossroads,
          uniq_jessica, uniq_terence, uniq_sigmund
D:3:      layout_rooms
D:4:      layout_rooms, lemuel_zombie_altar_kikubaaqudgha,
          ebering_ghost_sewer_f, due_unseen_surprise
D:7:      layout_rooms, nicolae_ru_great_annihilating_truth, uniq_pikel

Skill      XL: |  1  2  3  4  5  6  7 |
---------------+----------------------+-----
Axes           | 3 4 5 |  5.9
Fighting       | 4 5 |  5.3
Throwing       | 1 |  1.4
Shields        | 4 |  4.1
Dodging        | 1 |  1.1
Armour         | |  3.8

Action                   |  1- 3 |  4- 6 |  7- 9 || total
-------------------------+-------+-------+-------++-------
Melee: War axe           |    88 |    89 |    33 ||   210
       Battleaxe         |       |       |    71 ||    71
 Abil: Dig               |       |     1 |     1 ||     2
  Use: Potion            |     1 |       |     2 ||     3
Armor: Scale mail        |    13 |       |       ||    13
       Ring mail         |    21 |    39 |    39 ||    99
Dodge: Dodged            |    34 |    25 |    43 ||   102
Block: Kite shield       |    48 |    50 |    74 ||   172
